 Dungeon Crawl Stone Soup version 0.29-a0-615-gdeedd76 (webtiles) character file.

Game seed: 8417731238787369171

4361 Illumine the Grappler (level 10, -2/98 HPs)
             Began as a Troll Hunter on June 17, 2022.
             Was a Believer of Okawaru.
             Slain by a yak (16 damage)
             ... on level 8 of the Dungeon.
             The game lasted 00:13:44 (6051 turns).

Illumine the Grappler (Troll Hunter)                Turns: 6051, Time: 00:13:45

Health: -2/98      AC:  4    Str: 25    XL:     10   Next: 12%
Magic:  7/9        EV: 11    Int:  5    God:    Okawaru [**....]
Gold:   588        SH: 16    Dex: 13    Spells: 9/9 levels left

rFire   . . .      SeeInvis .     - Unarmed
rCold   + . .      Faith    +   G - +0 tower shield
rNeg    . . .      Spirit   .   b - +0 robe
rPois   .          Reflect  .   (helmet restricted)
rElec   .          Harm     .   (no cloak)
rCorr   +          Rampage  .   (gloves unavailable)
Will    .....                   (boots unavailable)
Stlth   +++.......              A - amulet of faith
HPRegen 1.06/turn               H - ring of resist corrosion
MPRegen 0.11/turn               F - ring of protection from cold

@: heroic
A: large, unfitting armour, claws 3, regeneration 1, shaggy fur 1, tough skin 1
a: Renounce Religion, Heroism


You were on level 8 of the Dungeon.
You worshipped Okawaru.
Okawaru was pleased with you.
You visited 2 branches of the dungeon, and saw 9 of its levels.
You also visited: Bailey.

You collected 588 gold pieces.

Inventory:

Hand Weapons
 a - a +1 hunting sling
 w - a +0 giant spiked club
Missiles
 d - 5 curare-tipped darts
 h - 344 stones
 k - 20 boomerangs (quivered)
 x - 3 atropa-tipped darts
Armour
 b - a +0 robe (worn)
 G - a +0 tower shield (worn)
Jewellery
 g - a +6 ring of intelligence
 A - an amulet of faith (around neck)
 F - a ring of protection from cold (right claw)
 H - a ring of resist corrosion (left claw)
Wands
 t - a wand of flame (13)
 y - a wand of polymorph (11)
Scrolls
 c - 2 scrolls of immolation
 f - 4 scrolls of teleportation
 i - 2 scrolls of vulnerability
 j - 2 scrolls of fear
 l - a scroll of fog {unknown}
 s - a scroll of silence {unknown}
 u - 2 scrolls of amnesia
 v - 3 scrolls of blinking
 D - a scroll of summoning {unknown}
 I - a scroll of enchant armour {unknown}
Potions
 e - 2 potions of degeneration {unknown}
 m - a potion of heal wounds {unknown}
 n - 2 potions of resistance {unknown}
 o - 2 potions of attraction {unknown}
 p - a potion of berserk rage {unknown}
 q - 3 potions of cancellation {unknown}
 r - 3 potions of curing {unknown}
 z - 3 potions of brilliance {unknown}
 B - a potion of lignification {unknown}
 C - a potion of haste {unknown}
 E - 2 potions of might {unknown}


   Skills:
 + Level 5.9(10.9) Fighting
 - Level 2.6(7.9) Slings
 - Level 2.1(8.1) Throwing
 - Level 5.0(10.0) Dodging
 - Level 0.3(5.3) Stealth
 * Level 5.3(10.3) Shields
 + Level 9.6(14.6) Unarmed Combat
 + Level 0.9 Invocations


You had 9 spell levels left.
You didn't know any spells.
Your spell library contained the following spells:

 Spells                   Type           Power      Damage    Failure   Level
 Foxfire                  Conj/Fire      0%         2x1d4     91%         1
 Blink                    Tloc           0%         N/A       97%         2
 Ensorcelled Hibernation  Hex/Ice        0%         N/A       97%         2
 Passwall                 Tmut/Erth      0%         N/A       97%         2
 Conjure Flame            Conj/Fire      0%         6-21      99%         3
 Inner Flame              Hex/Fire       0%         N/A       99%         3
 Lesser Beckoning         Tloc           0%         N/A       99%         3
 Swiftness                Air            0%         N/A       99%         3
 Flame Wave               Conj/Fire      0%         2d4       100%        4
 Manifold Assault         Tloc           0%         N/A       100%        5


Dungeon Overview and Level Annotations

Branches:
Dungeon (8/15)             Temple (1/1) D:4          Bailey (visited)
   Lair: D:8-11

Altars:
Ashenzari
Cheibriados
Dithmenos
Elyvilon
Fedhas
Gozag
Hepliaklqana
Kikubaaqudgha
Makhleb
Nemelex Xobeh
Okawaru
Qazlal
Ru
Sif Muna
Trog
Uskayaw
Vehumet
Xom
Yredelemnul
Zin
The Shining One

Shops:
D:3 =

Annotations:
D:8 1 runed translucent door


Innate Abilities, Weirdness & Mutations

You are too large for most types of armour.
You have claws for hands.
Your natural rate of healing is unusually fast.
You are covered in fur. (AC +1)
You have tough skin. (AC +1)


Message History

The yak is severely wounded.
You block the yak's attack. The yak gores you.
You barely miss the yak.
The yak is severely wounded.
The yak gores you! The yak barely misses you.
You scratch the yak.
The yak is almost dead.
The yak gores you but does no damage. The yak barely misses you.
You scratch the yak.
The yak is almost dead.
You block the yak's attack. The yak gores you!
You mangle the yak!!
You kill the yak!
Okawaru accepts your kill. The yak gores you!
You closely miss the yak. The yak gores you but does no damage.
The yak closely misses you.
You gain the combat prowess of a mighty hero.
You block the yak's attack. The yak gores you!
* * * LOW HITPOINT WARNING * * *
You mangle the yak!!
The yak is almost dead.
You block the yak's attack. The yak closely misses you.
You scratch the yak.
The yak is almost dead.
You block the yak's attack. The yak misses you.
You barely miss the yak.
The yak is almost dead.
The yak gores you!
* * * LOW HITPOINT WARNING * * *
The yak gores you.
* * * LOW HITPOINT WARNING * * *
You claw the yak!
You kill the yak!
Okawaru accepts your kill. The yak barely misses you.
You mangle the yak!!
The yak is severely wounded.
The yak gores you!
You die...

#######.##.# #.......#
........##.# #.......#
.........#.# ####.......#
...........# #.........##
...........####.Y........#
.................#...[...#
....^..........Y##...<)..#
............###Y###..)..##
............#_..@_##...##
.........#..#..≈..######
######...##.##.≈.##
.)..)...##..#.....#
......#.....#_.#._#
......#.##..#######
.....#..# ... .......## ..
.....### #


You could see 2 yaks.

Vanquished Creatures
  An orc knight (Bailey)
  Pikel (D:8)
  3 yaks
  2 black bears
  4 orc warriors
  2 ogres
  2 centaurs
  A lemure (D:8)
  4 phantoms
  2 kobold brigands (D:7)
  A gnoll sergeant (D:7)
  A necrophage (D:5)
  4 bullfrogs
  A scorpion (D:5)
  3 wights (D:6)
  2 howler monkeys
  2 orc priests
  5 hounds
  6 jellies
  2 gnoll shamans
  Jessica (D:3)
  An iguana (D:7)
  5 orc wizards
  6 adders
  29 gnolls
  A worm (D:2)
  2 dart slugs
  30 orcs
  3 bats
  8 endoplasms
  3 giant cockroaches
  9 goblins
  11 hobgoblins
  4 jackals
  3 quokkas
  7 ball pythons
  A frilled lizard (D:2)
  20 kobolds
  6 rats
199 creatures vanquished.

Vanquished Creatures (others)
  7 plants (D:7)
7 creatures vanquished.

Grand Total: 206 creatures vanquished

Notes
Turn   | Place    | Note
-------+----------+-------------------------------------------
     0 | D:1      | Illumine the Troll Hunter began the quest for the Orb.
     0 | D:1      | Reached XP level 1. HP: 19/19 MP: 0/0
    87 | D:1      | Found a faded altar of an unknown god.
    93 | D:1      | Reached skill level 1 in Unarmed Combat
   107 | D:1      | Reached XP level 2. HP: 24/27 MP: 1/1
   190 | D:1      | Reached skill level 1 in Throwing
   227 | D:1      | Reached skill level 2 in Unarmed Combat
   242 | D:1      | Reached XP level 3. HP: 33/33 MP: 2/2
   721 | D:2      | Reached skill level 3 in Unarmed Combat
   721 | D:2      | Reached XP level 4. HP: 11/41 MP: 3/3
  1350 | D:3      | Reached XP level 5. HP: 41/49 MP: 4/4
  1370 | D:3      | Found Festron's Jewellery Emporium.
  1595 | D:3      | Found a sparkling altar of Nemelex Xobeh.
  1722 | D:3      | Noticed Jessica
  1727 | D:3      | Killed Jessica
  1728 | D:3      | Reached skill level 4 in Unarmed Combat
  1943 | D:4      | Found a staircase to the Ecumenical Temple.
  1953 | Temple   | Entered the Ecumenical Temple
  2244 | D:4      | Noticed an ogre
  2254 | D:4      | Killed an ogre
  2255 | D:4      | Reached XP level 6. HP: 57/57 MP: 5/5
  2609 | D:4      | Reached skill level 5 in Unarmed Combat
  2696 | D:4      | Reached XP level 7. HP: 60/66 MP: 6/6
  2883 | D:5      | Entered Level 5 of the Dungeon
  2956 | D:5      | Reached skill level 6 in Unarmed Combat
  3428 | D:5      | Reached XP level 8. HP: 76/76 MP: 7/7
  3811 | D:6      | Reached skill level 7 in Unarmed Combat
  4264 | D:6      | Reached skill level 8 in Unarmed Combat
  4682 | D:7      | Found a hazy altar of Hepliaklqana.
  4904 | D:7      | Reached skill level 1 in Shields
  4904 | D:7      | Reached XP level 9. HP: 72/85 MP: 8/8
  5363 | D:8      | Found a hide-covered altar of Uskayaw.
  5364 | D:8      | Found a burning altar of Makhleb.
  5381 | D:8      | Found an iron altar of Okawaru.
  5381 | D:8      | Found an opulent altar of Gozag.
  5386 | D:8      | Became a worshipper of Warmaster Okawaru
  5406 | D:7      | Reached skill level 5 in Fighting
  5461 | D:8      | Reached skill level 5 in Dodging
  5511 | D:8      | Reached skill level 9 in Unarmed Combat
  5524 | D:8      | Found a flagged portal.
  5530 | D:8      | Noticed Pikel
  5544 | D:8      | Killed Pikel
  5544 | D:8      | Reached * piety under Okawaru
  5552 | Bailey   | Entered a bailey
  5633 | Bailey   | Noticed an orc knight
  5658 | Bailey   | Killed an orc knight
  5658 | Bailey   | Reached ** piety under Okawaru
  5702 | Bailey   | Reached skill level 5 in Shields
  5702 | Bailey   | Reached XP level 10. HP: 51/98 MP: 9/9
  5772 | Bailey   | Found a large runed translucent door.
  5772 | Bailey   | Found a large runed translucent door.
  5789 | Bailey   | Noticed a deep elf pyromancer
  6015 | D:8      | Found a runed translucent door.
  6051 | D:8      | Slain by a yak

Illustrated notes

Levels and vault maps discovered:
D:1:      minmay_arrival_five_plusses, layout_rooms,
          ebering_ecumenical_altar_sacrificial, minmay_pentomino_v2
D:2:      layout_rooms
D:3:      layout_basic, nemelex_dance_club_becter, serial_shops, shop,
          chequers_serial_rivers_small_a, uniq_jessica
D:4:      layout_gridville, minmay_temple_entry_arrows,
          kennysheep_cluttered_room, dreamdust_princess_bridge
D:5:      layout_basic, minmay_misc_feat_five, minmay_misc_feat_enclosed
D:6:      layout_basic, minivault_24
D:7:      layout_basic, nicolae_hepliaklqana_hazy_memory
D:8:      layout_rooms, nzn_wu_jian_council_hall, mainiacjoe_overflow_alcove_3,
          enter_bailey_2, ebering_ghost_reflecting_pool, uniq_pikel
Temple:   regret_index_temple_generic_petals

Skill      XL: |  1  2  3  4  5  6  7  8  9 |
---------------+----------------------------+-----
Unarmed Combat | 1 2 3 4 5 6 8 9 |  9.6
Throwing       | 1 2 |  2.1
Dodging        | 2 3 4 5 |  5.0
Fighting       | 2 3 4 5 |  5.9
Shields        | 1 5 |  5.3
Slings         | |  2.6
Stealth        | |  0.3
Invocations    | |  0.9

Action                   |  1- 3 |  4- 6 |  7- 9 | 10-12 || total
-------------------------+-------+-------+-------+-------++-------
Melee: Unarmed           |    93 |   142 |   240 |    30 ||   505
       Punch             |       |     2 |     7 |       ||     9
 Fire: Hunting sling     |     1 |       |       |       ||     1
Throw: Stone             |     3 |       |       |       ||     3
       Boomerang         |       |    20 |    63 |     9 ||    92
Invok: Heroism           |       |       |     1 |     1 ||     2
  Use: Scroll            |       |       |     8 |       ||     8
 Stab: Sleeping          |     1 |     2 |     2 |       ||     5
Armor: Robe              |    37 |    28 |    37 |     2 ||   104
Dodge: Dodged            |    55 |    55 |   106 |    10 ||   226
Block: Tower shield      |       |       |    76 |    16 ||    92

Table legend: (Time is in decaauts)
 A = Elapsed time spent in this place.
 B = Non-inter-level travel time spent in this place.
 C = Inter-level travel time spent in this place.
 D = Time resting spent in this place.
 E = Time spent auto-exploring this place.
 F = Levels seen in this place.
 G = Mean time per level.
                   A        B        C        D        E       F      G
               +--------+--------+--------+--------+--------+-----+--------+
         Total |   6057 |   5717 |    340 |    306 |   3788 |  10 |  605.7 |
       Dungeon |   5448 |   5143 |    305 |    176 |   3579 |   8 |  681.0 |
        Temple |    253 |    218 |     35 |      0 |    209 |   1 |  253.0 |
        Bailey |    355 |    355 |      0 |    130 |      0 |   1 |  355.0 |
               +--------+--------+--------+--------+--------+-----+--------+

Top non-repeatable levels by time:
     D:5: 909 daAuts
     D:7: 831 daAuts
     D:6: 749 daAuts
     D:3: 703 daAuts
     D:4: 696 daAuts
     D:1: 649 daAuts
     D:2: 573 daAuts
  Bailey: 355 daAuts
     D:8: 334 daAuts
  Temple: 253 daAuts
